 Dungeon Crawl Stone Soup version 0.28-a0-706-gf6f64a616a (webtiles) character file.

Game seed: 11277411266500181808

53 lawman0 the Sneak (level 4, 0/31 HPs)
             Began as a Djinni Enchanter on Oct 25, 2021.
             Slain by an orc (3 damage)
             ... on level 2 of the Dungeon.
             The game lasted 00:01:36 (1335 turns).

lawman0 the Sneak (Djinni Enchanter)                Turns: 1335, Time: 00:01:37

Health: 0/31       AC:  3    Str:  7    XL:     4   Next: 11%
Gold:   60         EV: 11    Int: 17    God:
                   SH:  0    Dex: 14

rFire   + + .      SeeInvis .   a - +1 dagger
rCold   x . .      Faith    .   (no shield)
rNeg    . . .      Spirit   .   e - +0 leather armour
rPois   ∞          Reflect  .   (no helmet)
rElec   .          Harm     .   (no cloak)
rCorr   .          Rampage  .   (no gloves)
Will    .....                   (boots unavailable)
Stlth   ++........              (no amulet)
HPRegen 0.10/turn               (no ring)
MPRegen 0.00/turn               (no ring)

@: flying
A: sickness immunity, fire resistance 2, cold vulnerability 1, float, innate
caster, hp casting, extra vitality 1
a: no special abilities


You were on level 2 of the Dungeon.
You visited 1 branch of the dungeon, and saw 2 of its levels.

You collected 60 gold pieces.

Inventory:

Hand Weapons
 a - a +1 dagger (weapon)
Armour
 e - a +0 leather armour (worn)
Scrolls
 d - a scroll of teleportation {unknown}
Potions
 b - a potion of resistance {unknown}
 c - a potion of invisibility
 f - a potion of flight {unknown}


   Skills:
 + Level 0.1 Fighting
 * Level 1.9 Short Blades
 + Level 0.5 Armour
 + Level 2.3 Dodging
 * Level 3.1 Stealth
 + Level 2.6 Spellcasting


You couldn't memorise any spells.
You knew the following spells:

 Your Spells              Type           Power      Damage    Failure   Level
a - Ensorcelled Hibernat  Hex/Ice        22%        N/A       14%         2
b - Confusing Touch       Hex            11%        N/A       26%         3
c - Tukima's Dance        Hex            11%        N/A       26%         3
d - Dazzling Flash        Conj/Hex       22%        N/A       26%         3
e - Foxfire               Conj/Fire      44%        2x1d6     9%          1
Your spell library was empty.

Dungeon Overview and Level Annotations

Branches:
Dungeon (2/15)

Altars:


Innate Abilities, Weirdness & Mutations

You are immune to sickness and miasma.
You are immune to poison.
Your flesh is very heat resistant. (rF++)
You are vulnerable to cold. (rC-)
You float through the air rather than walking.
You learn spells naturally, not from books.
Your magical power is your life essence.
You have superior vitality. (+4 HP)


Message History

The helpless rat fails to defend itself.
You puncture the rat!
You kill the rat!
The hobgoblin hits you.
Casting: Ensorcelled Hibernation (safe; 14% risk of failure)
Confirm with . or Enter, or press ? or * to list all spells.
Aiming: Ensorcelled Hibernation (safe; 14% risk of failure)
Press: ? - help, Shift-Dir - straight line, f - hobgoblin
Aim: a hobgoblin (chance to affect: 60%)
The hobgoblin resists with significant effort.
The hobgoblin misses you.
Unknown command.
Unknown command.
You hit the hobgoblin.
The hobgoblin is heavily wounded.
The hobgoblin closely misses you.
Casting: Ensorcelled Hibernation (safe; 14% risk of failure)
Confirm with . or Enter, or press ? or * to list all spells.
Aiming: Ensorcelled Hibernation (safe; 14% risk of failure)
Press: ? - help, Shift-Dir - straight line, f/p - hobgoblin
Aim: a hobgoblin (heavily wounded, chance to affect: 60%)
The hobgoblin resists with significant effort.
The hobgoblin barely misses you.
Unknown command.
You hit the hobgoblin.
The hobgoblin is almost dead.
The orc hits you with a +0 whip.
* * * LOW HITPOINT WARNING * * *
The hobgoblin closely misses you.
Unknown command.
You barely miss the hobgoblin.
The hobgoblin is almost dead.
You hit the hobgoblin but do no damage.
The hobgoblin is almost dead.
The hobgoblin hits you.
* * * LOW HITPOINT WARNING * * *
You hit the hobgoblin.
You kill the hobgoblin!
The orc hits you with a +0 whip.
You die...

##....#.# #........#
#.......# ##.#########
#.....#.# #.# .......
#.....#.####.##.......
#....)#......#........
#.......######........
#.####..# #........ #..#
#........ #.####.@####
#.# .#
#......o†..###.####.#
###.................#
........>....).†.....#
####.........†.......####
#....................?
#.........##.........#
#.........##..........
#.........##.....[.$.#


You could see an orc.

Vanquished Creatures
  Natasha (D:2)
  A dart slug (D:1)
  3 bats
  An endoplasm (D:1)
  A giant cockroach (D:1)
  5 goblins
  5 hobgoblins
  2 ball pythons (D:1)
  2 frilled lizards (D:1)
  3 kobolds (D:1)
  2 rats
26 creatures vanquished.

Notes
Turn   | Place    | Note
-------+----------+-------------------------------------------
     0 | D:1      | lawman0 the Djinni Enchanter began the quest for the Orb.
     0 | D:1      | Reached XP level 1. HP: 15/15 MP: 0/0
    44 | D:1      | Reached skill level 1 in Short Blades
   518 | D:1      | Reached XP level 2. HP: 21/21 MP: 0/0
  1042 | D:1      | Reached XP level 3. HP: 23/25 MP: 0/0
  1042 | D:1      | Learned a level 1 spell: Foxfire
  1309 | D:2      | Noticed Natasha
  1316 | D:2      | Killed Natasha
  1317 | D:2      | Reached skill level 3 in Stealth
  1317 | D:2      | Reached XP level 4. HP: 18/31 MP: 0/0
  1335 | D:2      | Slain by an orc

Illustrated notes

Levels and vault maps discovered:
D:1:      grunt_arrival_crossed_arrows, layout_basic
D:2:      layout_basic, lemuel_flame_loot_1, uniq_natasha, uniq_robin,
          uniq_terence

Skill      XL: |  1  2  3 |
---------------+----------+-----
Short Blades   | 1 |  1.9
Stealth        | 3 |  3.1
Fighting       | |  0.1
Armour         | |  0.5
Dodging        | |  2.3
Spellcasting   | |  2.6

Action                   |  1- 3 |  4- 6 || total
-------------------------+-------+-------++-------
Melee: Dagger            |    70 |     6 ||    76
 Cast: Ensorcelled Hiber |    11 |     3 ||    14
 Stab: Sleeping          |    11 |     1 ||    12
Armor: Leather armour    |    22 |       ||    22
       Robe              |     1 |       ||     1
Dodge: Dodged            |    33 |     4 ||    37

Table legend: (Time is in decaauts)
 A = Elapsed time spent in this place.
 B = Non-inter-level travel time spent in this place.
 C = Inter-level travel time spent in this place.
 D = Time resting spent in this place.
 E = Time spent auto-exploring this place.
 F = Levels seen in this place.
 G = Mean time per level.
                   A        B        C        D        E       F      G
               +--------+--------+--------+--------+--------+-----+--------+
         Total |   1329 |   1304 |     25 |     33 |   1038 |   2 |  664.5 |
       Dungeon |   1329 |   1304 |     25 |     33 |   1038 |   2 |  664.5 |
               +--------+--------+--------+--------+--------+-----+--------+

Top non-repeatable levels by time:
     D:1: 1117 daAuts
     D:2: 212 daAuts
